AoeStats
← 玩印度的哥们硬不起来

Lombardia

509554646Analyzed
3v3 RM · 5d ago on Sep 27, 2026· 42m 26s· 6 players
Game mode
Random Map
Map size
Normal (6 player)
Population
200
Speed
Normal
Resources
Standard
Victory
Conquest
Starting age
Dark Age
Ending age
Imperial Age
RankedLock teamsTeams togetherTeam positionsShared explorationLock speedFull tech treeHidden civsTurbo modeCheats
Victory
Defeat
🇨🇳 Mapuche · China
1435
+16
🇨🇳 Tatars · China
1424
+16
🇨🇳 Saracens · China
1393
+17
1448
-17
🇳🇿 Cumans · New Zealand
1417
-16
🇹🇼 Britons · Taiwan
1411
-16
飛衫走奶
6:28 Loom
9:06 Feudal Age
10:01 Double-Bit Axe
17:32 Horse Collar
20:50 Wheelbarrow
23:36 Castle Age
23:36 Gold Mining
24:58 Hand Cart
24:12 Crossbowman
24:43 Fletching
24:55 Padded Archer Armor
26:17 Bow Saw
27:03 Gold Shaft Mining
29:47 Bodkin Arrow
29:55 Heavy Plow
31:07 Leather Archer Armor
32:37 Treadmill Crane
35:13 Ballistics
36:19 Murder Holes
37:36 Caravan
40:26 Imperial Age
38:11 Forging
39:40 Iron Casting
39:06 Scale Mail Armor
40:11 Pikeman
40:51 Squires
40:37 Arson
40:37 Gambesons
40:55 Arbalester
42:11 Bracer
42:43 Ring Archer Armor
Wouldn'tyouknow
8:49 Feudal Age
9:23 Double-Bit Axe
11:06 Loom
15:59 Wheelbarrow
15:09 Horse Collar
21:46 Castle Age
19:55 Scale Barding Armor
21:49 Bloodlines
22:34 Bloodlines
22:55 Forging
27:34 Fletching
32:23 Heavy Plow
34:03 Hand Cart
35:19 Chain Barding Armor
39:53 Imperial Age
37:43 Town Watch
39:46 Iron Casting
39:07 Bodkin Arrow
40:24 Scale Mail Armor
40:23 Cavalier
41:40 Plate Barding Armor
42:05 Paladin
42:12 Pikeman
玩印度的哥们硬不起来
10:10 Feudal Age
12:53 Castle Age
11:37 Double-Bit Axe
12:09 Horse Collar
13:49 Bow Saw
17:14 Loom
24:50 Scale Barding Armor
25:53 Chain Barding Armor
27:10 Wheelbarrow
30:36 Hand Cart
33:59 Imperial Age
33:23 Bloodlines
33:14 Husbandry
34:16 Elite Ballista Elephant
34:56 Double Crossbow
35:58 Chemistry
37:21 Stone Mining
37:21 Gold Mining
38:36 Plate Barding Armor
TheHong
4:33 Loom
9:18 Feudal Age
9:46 Double-Bit Axe
10:47 Horse Collar
16:00 Wheelbarrow
18:50 Castle Age
17:20 Scale Barding Armor
17:19 Gold Mining
17:56 Scale Barding Armor
18:16 Bloodlines
18:31 Forging
20:34 Iron Casting
20:13 Bow Saw
27:58 Heavy Plow
28:56 Chain Barding Armor
31:27 Stone Mining
31:51 Husbandry
32:27 Iron Casting
34:50 Imperial Age
34:47 Husbandry
36:48 Blast Furnace
37:14 Plate Barding Armor
37:06 Conscription
37:10 Hand Cart
37:44 Gold Shaft Mining
37:44 Fletching
38:03 Elite Steppe Lancer
39:17 Silk Armor
41:26 Crop Rotation
40:52 Light Cavalry
Louis supertramp
5:05 Loom
6:45 Loom
9:38 Feudal Age
10:07 Double-Bit Axe
16:31 Horse Collar
18:15 Fletching
20:43 Padded Archer Armor
23:03 Castle Age
23:41 Bodkin Arrow
23:07 Crossbowman
24:59 Leather Archer Armor
25:48 Wheelbarrow
25:30 Bow Saw
25:22 Heavy Plow
28:28 Husbandry
28:39 Bloodlines
29:57 Thumb Ring
30:33 Gold Mining
32:30 Hand Cart
33:18 Ballistics
33:23 Town Watch
37:01 Imperial Age
35:08 Scale Barding Armor
36:28 Chain Barding Armor
36:32 Town Patrol
36:45 Forging
36:48 Stone Mining
37:04 Heavy Camel Rider
38:22 Plate Barding Armor
39:56 Iron Casting
40:18 Light Cavalry
42:00 Blast Furnace
43:01 Two-Man Saw
41:28 Hussar
KamL
10:37 Feudal Age
9:00 Loom
11:15 Double-Bit Axe
19:41 Castle Age
18:13 Fletching
18:35 Horse Collar
19:40 Stone Mining
20:20 Bodkin Arrow
21:38 Padded Archer Armor
22:28 Ballistics
22:59 Bow Saw
25:43 Wheelbarrow
28:24 Hand Cart
28:20 Town Watch
37:30 Imperial Age
35:28 Scale Mail Armor
35:39 Forging
35:50 Heavy Plow
35:41 Gold Mining
36:28 Chain Mail Armor
35:36 Champi Runner
36:03 Arson
35:43 Pikeman
36:15 Stone Mining
37:44 Gold Shaft Mining
37:10 Champi Warrior
38:28 Iron Casting
39:35 Plate Mail Armor
39:08 Elite Bolas Rider
40:54 Chemistry
39:39 Treadmill Crane
41:33 Blast Furnace
41:18 Leather Archer Armor
41:29 Elite Champi Warrior
43:24 Conscription
Connection lost

Rejoining the realm…

Still unreachable

The connection could not be restored.

Session expired

The server has moved on; the page needs a fresh start.